CLL
SALINAS FIRE FROGS @ SAN JOSE BEES
06/04/1982
 
TOP OF THE 1ST
Salinas Fire Frogs batting - Pitching for San Jose Bees : LHP Richard Spanton
Pitching: LHP Richard Spanton
Batting: RHB Bobby Morin 0-0: Ball
1-0: Ball
2-0: Swinging Strike
2-1: Foul Ball, location: 2F
2-2: SINGLE (Groundball, 6MD, EV 94.4 MPH)
Batting: RHB Carlos Urias 0-0: Ball
1-0: Ball
Wild Pitch!
Bobby Morin to second
2-0: Foul Ball, location: 2F
2-1: Foul Ball, location: 2F
2-2: Ball
3-2: Base on Balls
Batting: RHB Kevin Mitchell 0-0: Reached on error, E3 (Groundball, 3S, EV 89.4 MPH)
Bobby Morin to third
Carlos Urias to second
Batting: RHB Jason Felice 0-0: Called Strike
0-1: Ball
1-1: Ball
2-1: Foul Ball, location: 2F
2-2: Ball
3-2: Strikes out swinging
Batting: RHB Bruce Morrison 0-0: Swinging Strike
0-1: Grounds into double play, 5-4-3 (Groundball, 56S, EV 90.6 MPH)
Top of the 1st over - 0 runs, 1 hit, 1 error, 2 left on base; Salinas 0 - San Jose 0
BOTTOM OF THE 1ST
San Jose Bees batting - Pitching for Salinas Fire Frogs : LHP Manny Villanueba
Pitching: LHP Manny Villanueba
Batting: RHB Anthony Laurenzi 0-0: Called Strike
0-1: SINGLE (Flyball, 8RS, EV 92.5 MPH)
Batting: RHB Ron MacDonald 0-0: Ball
1-0: Ball
2-0: Ball
3-0: Base on Balls
Anthony Laurenzi to second
Batting: LHB Stanley Davis 0-0: 3-RUN HOME RUN (Flyball, 9D, EV 95.6 MPH), Distance : 363 ft
Batting: RHB Ricky McMullen 0-0: Foul Ball, location: 2F
0-1: Fly out, F3 (Popup, 3F, EV 75.0 MPH)
Batting: RHB Michael Parker 0-0: Foul Ball, location: 2F
0-1: SOLO HOME RUN (Flyball, 78XD, EV 104.4 MPH), Distance : 421 ft
Batting: LHB Dale Weaver 0-0: Foul Ball, location: 2F
0-1: Ground out 6-3 (Groundball, 6S, EV 90.0 MPH)
Batting: RHB Timothy Wallace 0-0: Called Strike
0-1: Foul Ball, location: 2F
0-2: Ground out 5-3 (Groundball, 56, EV 85.0 MPH)
Bottom of the 1st over - 4 runs, 3 hits, 0 errors, 0 left on base; Salinas 0 - San Jose 4
TOP OF THE 2ND
Salinas Fire Frogs batting - Pitching for San Jose Bees : LHP Richard Spanton
Batting: RHB Therron Harper 0-0: Foul Ball, location: 2F
0-1: Swinging Strike
0-2: Fly out, F4 (Flyball, 4D, EV 80.0 MPH)
Batting: RHB Jordan Chavez 0-0: Ball
1-0: Ball
2-0: Ball
3-0: Base on Balls
Batting: LHB Daryl Pitts 0-0: Ball
1-0: Ball
2-0: Called Strike
2-1: Fielders Choice at 2nd, 6-4 (Groundball, 6M, EV 85.6 MPH)
Batting: LHB Charles McGehee 0-0: Ball
Daryl Pitts is caught stealing 2nd base 2-6
Top of the 2nd over - 0 runs, 0 hits, 0 errors, 0 left on base; Salinas 0 - San Jose 4
BOTTOM OF THE 2ND
San Jose Bees batting - Pitching for Salinas Fire Frogs : LHP Manny Villanueba
Batting: RHB David Hoyt 0-0: Called Strike
0-1: Ball
1-1: Foul Ball, location: 2F
1-2: Foul Ball, location: 2F
1-2: Foul Ball, location: 2F
1-2: Fly out, F9 (Flyball, 89M, EV 88.8 MPH)
Batting: RHB Bill Pinkham 0-0: Foul Ball, location: 2F
0-1: Ground out 5-3 (Groundball, 56, EV 101.3 MPH)
Batting: RHB Anthony Laurenzi 0-0: Ball
1-0: SINGLE (Groundball, 4MD, EV 105.0 MPH)
Batting: RHB Ron MacDonald 0-0: Ground out 4-3 (Groundball, 4, EV 80.0 MPH)
Bottom of the 2nd over - 0 runs, 1 hit, 0 errors, 1 left on base; Salinas 0 - San Jose 4
TOP OF THE 3RD
Salinas Fire Frogs batting - Pitching for San Jose Bees : LHP Richard Spanton
Batting: LHB Charles McGehee 0-0: Swinging Strike
0-1: Swinging Strike
0-2: Ball
1-2: Strikes out swinging, 2-3 out at first.
Batting: RHB Bobby Morin 0-0: Ball
1-0: Called Strike
1-1: Ball
2-1: Ball
3-1: Base on Balls
Batting: RHB Carlos Urias 0-0: Fielders Choice at 2nd, 4-6 (Groundball, 34, EV 98.8 MPH)
Batting: RHB Kevin Mitchell 0-0: Ball
1-0: Ball
2-0: Foul Ball, location: 2F
2-1: Foul Ball, location: 2F
2-2: Ball
3-2: Strikes out swinging
Top of the 3rd over - 0 runs, 0 hits, 0 errors, 1 left on base; Salinas 0 - San Jose 4
BOTTOM OF THE 3RD
San Jose Bees batting - Pitching for Salinas Fire Frogs : LHP Manny Villanueba
Batting: LHB Stanley Davis 0-0: Ball
1-0: Foul Ball, location: 2F
1-1: DOUBLE (Line Drive, 7LS, EV 105.0 MPH)
Batting: RHB Ricky McMullen 0-0: Ball
1-0: Ball
2-0: Called Strike
2-1: Swinging Strike
2-2: Ground out 5-3 (Groundball, 56S, EV 75.6 MPH)
Stanley Davis to third
Batting: RHB Michael Parker 0-0: Foul Ball, location: 2F
0-1: Foul Ball, location: 2F
0-2: Strikes out looking
Batting: LHB Dale Weaver 0-0: Ball
1-0: Swinging Strike
1-1: Ground out 5-3 (Groundball, 5L, EV 90.6 MPH)
Bottom of the 3rd over - 0 runs, 1 hit, 0 errors, 1 left on base; Salinas 0 - San Jose 4
TOP OF THE 4TH
Salinas Fire Frogs batting - Pitching for San Jose Bees : LHP Richard Spanton
Batting: RHB Jason Felice 0-0: Ball
1-0: Ball
2-0: Ball
3-0: Base on Balls
Batting: RHB Bruce Morrison 0-0: Foul Ball, location: 2F
0-1: Ball
1-1: Foul Ball, location: 2F
1-2: Grounds into double play, 5-4-3 (Groundball, 5, EV 91.3 MPH)
Batting: RHB Therron Harper 0-0: Ground out 5-3 (Groundball, 5, EV 103.8 MPH)
Top of the 4th over - 0 runs, 0 hits, 0 errors, 0 left on base; Salinas 0 - San Jose 4
BOTTOM OF THE 4TH
San Jose Bees batting - Pitching for Salinas Fire Frogs : LHP Manny Villanueba
Batting: RHB Timothy Wallace 0-0: Called Strike
0-1: Foul Ball, location: 2F
0-2: Ball
1-2: Ball
2-2: Ball
3-2: Ground out 6-3 (Groundball, 6, EV 80.0 MPH)
Batting: RHB David Hoyt 0-0: Called Strike
0-1: Called Strike
0-2: Ball
1-2: Ball
2-2: Ground out 6-3 (Groundball, 6S, EV 82.5 MPH)
Batting: RHB Bill Pinkham 0-0: Foul Ball, location: 2F
0-1: Ball
1-1: Swinging Strike
1-2: Fly out, F8 (Flyball, 8RM, EV 96.3 MPH)
Bottom of the 4th over - 0 runs, 0 hits, 0 errors, 0 left on base; Salinas 0 - San Jose 4
TOP OF THE 5TH
Salinas Fire Frogs batting - Pitching for San Jose Bees : LHP Richard Spanton
Batting: RHB Jordan Chavez 0-0: Ball
1-0: Swinging Strike
1-1: Called Strike
1-2: Strikes out swinging
Batting: LHB Daryl Pitts 0-0: Called Strike
0-1: Foul Ball, location: 2F
0-2: Foul Ball, location: 2F
0-2: Ball
1-2: Ball
2-2: Ball
3-2: Base on Balls
Batting: LHB Charles McGehee 0-0: Ball
1-0: Called Strike
1-1: Fielders Choice at 2nd, 1-6 (Groundball, 13S, EV 66.3 MPH)
Batting: RHB Bobby Morin 0-0: Called Strike
0-1: Foul Ball, location: 2F
0-2: Ball
1-2: SINGLE (Line Drive, 34, EV 108.8 MPH)
Charles McGehee to second
Batting: RHB Carlos Urias 0-0: Foul Ball, location: 2F
0-1: Fly out, F8 (Line Drive, 8LD, EV 100.0 MPH)
Top of the 5th over - 0 runs, 1 hit, 0 errors, 2 left on base; Salinas 0 - San Jose 4
BOTTOM OF THE 5TH
San Jose Bees batting - Pitching for Salinas Fire Frogs : LHP Manny Villanueba
Batting: RHB Anthony Laurenzi 0-0: Foul Ball, location: 2F
0-1: Foul Ball, location: 2F
0-2: Foul Ball, location: 2F
0-2: Strikes out looking
Batting: RHB Ron MacDonald 0-0: Called Strike
0-1: Ground out 4-3 (Groundball, 34, EV 95.6 MPH)
Batting: LHB Stanley Davis 0-0: Fly out, F9 (Flyball, 9S, EV 89.4 MPH)
Bottom of the 5th over - 0 runs, 0 hits, 0 errors, 0 left on base; Salinas 0 - San Jose 4
TOP OF THE 6TH
Salinas Fire Frogs batting - Pitching for San Jose Bees : LHP Richard Spanton
Batting: RHB Kevin Mitchell 0-0: Called Strike
0-1: SOLO HOME RUN (Flyball, 7D, EV 96.3 MPH), Distance : 384 ft
Batting: RHB Jason Felice 0-0: Swinging Strike
0-1: Called Strike
0-2: Ball
1-2: Foul Ball, location: 2F
1-2: Strikes out swinging
Batting: RHB Bruce Morrison 0-0: Foul Ball, location: 2F
0-1: Ball
1-1: Swinging Strike
1-2: Ball
2-2: Ball
3-2: DOUBLE (Line Drive, 9LD, EV 106.9 MPH)
Batting: RHB Therron Harper 0-0: Foul Ball, location: 2F
0-1: Called Strike
0-2: Ball
1-2: Foul Ball, location: 2F
1-2: Ball
2-2: Ball
3-2: Strikes out swinging, 2-3 out at first.
Batting: RHB Jordan Chavez 0-0: Ball
1-0: Called Strike
1-1: Foul Ball, location: 2F
1-2: Ball
2-2: Ground out 5-3 (Groundball, 56S, EV 80.0 MPH)
Top of the 6th over - 1 run, 2 hits, 0 errors, 1 left on base; Salinas 1 - San Jose 4
BOTTOM OF THE 6TH
San Jose Bees batting - Pitching for Salinas Fire Frogs : LHP Manny Villanueba
Batting: RHB Ricky McMullen 0-0: Called Strike
0-1: Swinging Strike
0-2: Ball
1-2: Foul Ball, location: 2F
1-2: Foul Ball, location: 2F
1-2: Foul Ball, location: 2F
1-2: Foul Ball, location: 2F
1-2: Ball
2-2: Ball
3-2: Fly out, F7 (Flyball, 7S, EV 88.1 MPH)
Batting: RHB Michael Parker 0-0: Called Strike
0-1: Ball
1-1: Ball
2-1: Ball
3-1: Fly out, F6 (Line Drive, 6, EV 68.1 MPH)
Batting: LHB Dale Weaver 0-0: Ball
1-0: Ball
2-0: Foul Ball, location: 2F
2-1: Ground out U3 (Groundball, 34, EV 86.9 MPH)
Bottom of the 6th over - 0 runs, 0 hits, 0 errors, 0 left on base; Salinas 1 - San Jose 4
TOP OF THE 7TH
Salinas Fire Frogs batting - Pitching for San Jose Bees : LHP Richard Spanton
Batting: LHB Daryl Pitts 0-0: Ball
1-0: Called Strike
1-1: Fly out, F9 (Flyball, 9D, EV 102.5 MPH)
Batting: LHB Charles McGehee 0-0: Foul Ball, location: 2F
0-1: Swinging Strike
0-2: Ball
1-2: Ball
2-2: Fly out, F4 (Line Drive, 4, EV 66.9 MPH)
Batting: RHB Bobby Morin 0-0: Foul Ball, location: 2F
0-1: Fly out, F9 (Flyball, 89D, EV 96.9 MPH)
Top of the 7th over - 0 runs, 0 hits, 0 errors, 0 left on base; Salinas 1 - San Jose 4
BOTTOM OF THE 7TH
San Jose Bees batting - Pitching for Salinas Fire Frogs : LHP Manny Villanueba
Batting: RHB Timothy Wallace 0-0: Ball
1-0: Ball
2-0: Ground out 5-3 (Groundball, 5S, EV 65.6 MPH)
Batting: RHB David Hoyt 0-0: Foul Ball, location: 2F
0-1: Ball
1-1: Ball
2-1: Ground out 5-3 (Groundball, 56, EV 79.4 MPH)
Batting: RHB Bill Pinkham 0-0: Foul Ball, location: 2F
0-1: Foul Ball, location: 2F
0-2: Fly out, F8 (Flyball, 8RS, EV 91.9 MPH)
Bottom of the 7th over - 0 runs, 0 hits, 0 errors, 0 left on base; Salinas 1 - San Jose 4
TOP OF THE 8TH
Salinas Fire Frogs batting - Pitching for San Jose Bees : LHP Richard Spanton
Batting: RHB Carlos Urias 0-0: Ball
1-0: Called Strike
1-1: Ball
2-1: Swinging Strike
2-2: Foul Ball, location: 2F
2-2: Fly out, F8 (Line Drive, 8LD, EV 86.9 MPH)
Batting: RHB Kevin Mitchell 0-0: Called Strike
0-1: Called Strike
0-2: Foul Ball, location: 2F
0-2: Fly out, F8 (Flyball, 89M, EV 77.5 MPH)
Batting: RHB Jason Felice 0-0: Fly out, F8 (Flyball, 8LD, EV 103.8 MPH)
Top of the 8th over - 0 runs, 0 hits, 0 errors, 0 left on base; Salinas 1 - San Jose 4
BOTTOM OF THE 8TH
San Jose Bees batting - Pitching for Salinas Fire Frogs : LHP Manny Villanueba
Batting: RHB Anthony Laurenzi 0-0: Ball
1-0: Ball
2-0: Fly out, F3 (Flyball, 3D, EV 86.3 MPH)
Batting: RHB Ron MacDonald 0-0: Ball
1-0: Fly out, F9 (Line Drive, 9, EV 88.8 MPH)
Batting: LHB Stanley Davis 0-0: Called Strike
0-1: Ball
1-1: Called Strike
1-2: Ball
2-2: Ground out 4-3 (Groundball, 4S, EV 88.1 MPH)
Bottom of the 8th over - 0 runs, 0 hits, 0 errors, 0 left on base; Salinas 1 - San Jose 4
TOP OF THE 9TH
Salinas Fire Frogs batting - Pitching for San Jose Bees : LHP Richard Spanton
Batting: RHB Bruce Morrison 0-0: Called Strike
0-1: Ball
1-1: Ball
2-1: Ball
3-1: Swinging Strike
3-2: Ground out U3 (Groundball, 34, EV 100.0 MPH)
Batting: RHB Therron Harper 0-0: Called Strike
0-1: Ground out 6-3 (Groundball, 6MS, EV 70.0 MPH)
Batting: RHB Jordan Chavez 0-0: Called Strike
0-1: Foul Ball, location: 2F
0-2: Reached on error, E5 (Groundball, 56S, EV 70.6 MPH)
Batting: LHB Daryl Pitts 0-0: Ball
1-0: Called Strike
1-1: Reached on error, E6 (Groundball, 6, EV 101.3 MPH)
Jordan Chavez to third
Pinch Hitting: RHB Leon Doak 0-0: Ball
1-0: Swinging Strike
1-1: Ball
2-1: Called Strike
2-2: Foul Ball, location: 2F
2-2: Ground out 4-3 (Groundball, 4, EV 93.1 MPH)
Top of the 9th over - 0 runs, 0 hits, 2 errors, 2 left on base; Salinas 1 - San Jose 4
Wednesday, August 5th, 2020 - OOTP Baseball 21.5 Build 76